 Dungeon Crawl Stone Soup version 0.30-a0-739-gea05faddec (webtiles) character file.

Game seed: 17191323938299918640

1835 jlumianski the Chopper (level 8, -2/62 HPs)
             Began as a Demonspawn Fighter on Feb 1, 2023.
             Slain by a two-headed ogre
             ... wielding a +0 giant spiked club
              (11 damage)
             ... on level 6 of the Dungeon on Feb 4, 2023.
             The game lasted 00:34:04 (7439 turns).

jlumianski the Chopper (Demonspawn Fighter)         Turns: 7439, Time: 00:34:05

Health: -2/62      AC: 14    Str: 29    XL:     8   Next: 87%
Magic:  8/8        EV:  7    Int:  9    God:
Gold:   235        SH:  4    Dex: 11    Spells: 7/7 levels left

rFire   . . .      SeeInvis .    a - +0 war axe
rCold   x . .      Faith    .    c - +0 buckler
rNeg    . . .      Spirit   .    H - +0 plate armour
rPois   .          Reflect  .    (helmet restricted)
rElec   .          Harm     .    F - scarf {shadows}
rCorr   .          Rampage  .    i - +0 pair of gloves
Will    .....                    (no boots) Stlth
                                 (no amulet)
HPRegen 0.30/turn                k - ring of flight
MPRegen 0.22/turn                t - +6 ring of strength

@: flying
A: antennae 2, demonic guardian 2, magic regeneration, sharp scales 1, sense
surroundings 1, strong 1, cold vulnerability 1
a: no special abilities


You were on level 6 of the Dungeon.
You visited 2 branches of the dungeon, and saw 8 of its levels.

You collected 300 gold pieces.
You spent 65 gold pieces at shops.

Inventory:

Hand Weapons
 a - a +0 war axe (weapon)
 A - a +0 heavy sling
Missiles
 g - 48 stones
 m - 3 javelins
 r - 10 poisoned darts (quivered)
 I - 6 silver javelins
 J - 4 boomerangs
Armour
 b - a +0 scale mail
 c - a +0 buckler (worn)
 i - a +0 pair of gloves (worn)
 l - a +0 plate armour
 F - a scarf of shadows (worn)
 H - a +0 plate armour (worn)
Magical Staves
 h - a staff of cold
 B - a staff of fire
Jewellery
 k - a ring of flight (left hand)
 t - a +6 ring of strength (right hand)
 w - a ring of fire
Wands
 D - a wand of charming (7)
Scrolls
 d - a scroll of vulnerability
 j - 3 scrolls of amnesia
 n - a scroll of butterflies {unknown}
 o - a scroll of enchant weapon {unknown}
 q - a scroll of immolation {unknown}
 s - 3 scrolls of teleportation
 y - a scroll of acquirement {unknown}
 E - a scroll of magic mapping {unknown}
 G - a scroll of poison {unknown}
Potions
 e - 4 potions of curing
 p - a potion of heal wounds
 u - 3 potions of lignification
 v - a potion of ambrosia {unknown}
 x - a potion of flight {unknown}
 z - a potion of attraction {unknown}
 C - 2 potions of degeneration
 K - a potion of brilliance {unknown}


   Skills:
 + Level 5.3 Fighting
 + Level 7.4 Axes
 + Level 2.0 Throwing
 + Level 5.8 Armour
 + Level 0.5 Dodging
 + Level 0.3 Stealth
 + Level 3.9 Shields


You had 7 spell levels left.
You didn't know any spells.
Your spell library contained the following spells:

 Spells                   Type           Power      Damage    Failure   Level
 Magic Dart               Conj           0%         1d3       99%         1
 Blink                    Tloc           0%         N/A       100%        2
 Call Imp                 Summ           0%         N/A       100%        2
 Lesser Beckoning         Tloc           0%         N/A       100%        2
 Momentum Strike          Conj/Tloc      0%         3d8       100%        2
 Gell's Gravitas          Tloc           0%         N/A       100%        3
 Mephitic Cloud           Conj/Pois/Air  0%         N/A       100%        3
 Portal Projectile        Hex/Tloc       0%         N/A       100%        3
 Teleport Other           Tloc           0%         N/A       100%        3
 Tukima's Dance           Hex            0%         N/A       100%        3
 Anguish                  Hex/Necr       0%         N/A       100%        4
 Manifold Assault         Tloc           0%         N/A       100%        4
 Blade Hands              Tmut           0%         N/A       100%        5
 Dispersal                Tloc           0%         N/A       100%        6
 Enfeeble                 Hex            0%         N/A       100%        7
 Storm Form               Tmut/Air       0%         N/A       100%        7


Dungeon Overview and Level Annotations

Branches:
Dungeon (7/15)             Temple (1/1) D:4

Altars:
Ashenzari
Cheibriados
Dithmenos
Fedhas
Hepliaklqana
Kikubaaqudgha
Makhleb
Nemelex Xobeh
Ru
Sif Muna
Trog
Uskayaw
Vehumet
Wu Jian
Xom

Shops:
D:2 !   D:3 =

Annotations:
D:2 Jessica


Innate Abilities, Weirdness & Mutations

You have a pair of antennae on your head.
A demonic guardian rushes to your aid.
You regenerate magic rapidly.
You are partially covered in razor-sharp scales. (AC +1, Slay +1)
You passively map a small area around you.
Your muscles are strong. (Str +4, Int/Dex -1)
You are vulnerable to cold. (rC-)


Message History

Aim: a two-headed ogre, wielding a +0 giant spiked club and a +0 giant club (lightly wounded, very poisoned, 75% to hit)
You throw a poisoned dart.
The poisoned dart hits the two-headed ogre.
The two-headed ogre looks even sicker.
The two-headed ogre is lightly wounded.
The two-headed ogre hits you with a +0 giant spiked club!!
A demonic guardian appears!
The two-headed ogre hits you with a +0 giant club!
You fly upwards.
There is a stone staircase leading down here.
Okay, then.
Unknown command.
Okay, then.
Unknown command.
You slash the two-headed ogre!
The two-headed ogre is moderately wounded.
The two-headed ogre barely misses you.
The two-headed ogre hits you with a +0 giant club!
You barely miss the two-headed ogre.
The two-headed ogre is moderately wounded.
You hit the two-headed ogre.
The two-headed ogre is heavily wounded.
You block the two-headed ogre's attack.
The two-headed ogre hits you with a +0 giant club.
You slash the two-headed ogre!
The two-headed ogre is severely wounded.
The two-headed ogre hits you with a +0 giant spiked club.
* * * LOW HITPOINT WARNING * * *
The two-headed ogre barely misses you.
You barely miss the two-headed ogre.
The two-headed ogre is severely wounded.
The two-headed ogre barely misses you.
The two-headed ogre hits you with a +0 giant club!
* * * LOW HITPOINT WARNING * * *
You barely miss the two-headed ogre.
The two-headed ogre is severely wounded.
You slash the two-headed ogre!
The two-headed ogre is almost dead.
The two-headed ogre hits you with a +0 giant spiked club!
You die...

....#...# #......#...........#.
........# #######.......#####..
....#...#### #.##+#.####....
....#......### ##.##.#...##.#..
........##...#####.....#...##.#..
....#...####..##....####...##.#.#
....#...# ##.......# #...##.#.#
....#...# #.##O#######...##.#.#
....#...# #...@..........##.###
#####...# #.......####...##....
#.....#############.# #...######
#.###.#.............# #...#
#.#####.############# #...#
#.##..........# #...#
..##.##.#####.### #####
####.##.#.......# #.##.#.###.#.#


You could see a two-headed ogre (very poisoned).

Vanquished Creatures
  Sigmund (D:2)
  An orc warrior (D:6)
  An ice beast (D:6)
  An ogre (D:5)
  2 phantoms
  A necrophage (D:6)
  A howler monkey (D:6)
  6 hounds
  2 orc priests
  A jelly (D:6)
  Terence (D:3)
  Ijyb (D:3)
  Natasha (thrice) (D:3)
  3 iguanas
  6 orc wizards
  12 gnolls
  6 adders
  A white imp (D:5)
  A worm (D:2)
  3 dart slugs
  19 orcs
  2 ball pythons
  3 bats
  3 endoplasms
  6 goblins
  7 hobgoblins
  2 jackals (D:3)
  4 kobolds
  4 quokkas
  3 frilled lizards
  A giant cockroach zombie (D:2)
  A quokka skeleton (D:2)
  3 rats
112 creatures vanquished.

Vanquished Creatures (collateral kills)
  The ghost of dialectric the Shooter, an amateur MfHu of the Shining One (D:6)
  A jelly (D:6)
  A hound (D:6)
  A shadow imp (D:6)
4 creatures vanquished.

Vanquished Creatures (others)
  4 withered plants (D:2)
4 creatures vanquished.

Grand Total: 120 creatures vanquished

Notes
Turn   | Place    | Note
-------+----------+-------------------------------------------
     0 | D:1      | jlumianski the Demonspawn Fighter began the quest for the
                  | Orb.
     0 | D:1      | Reached XP level 1. HP: 18/18 MP: 1/1
     0 | D:1      | Upgraded the game from 0.30-a0-728-gc68057be0a to
                  | 0.30-a0-737-gf23d94013f
     3 | D:1      | Noticed an electric eel
     4 | D:1      | Noticed an electric eel
    59 | D:1      | Gained mutation: You regenerate magic rapidly. [demonic
                  | ancestry]
    59 | D:1      | Reached XP level 2. HP: 12/24 MP: 2/2
   281 | D:2      | Noticed Jessica
   458 | D:1      | You fall into a shaft and drop 1 floor!
   531 | D:1      | Reached skill level 2 in Axes
  1135 | D:2      | Found a faded altar of an unknown god.
  1277 | D:2      | Gained mutation: A weak demonic guardian rushes to your
                  | aid. [demonic ancestry]
  1277 | D:2      | Reached XP level 3. HP: 29/29 MP: 3/3
  1342 | D:2      | Found Biapum's Distillery.
  1350 | D:2      | Bought a potion of heal wounds for 65 gold pieces
  1445 | D:3      | Noticed Terence
  1590 | D:2      | Noticed Sigmund
  1660 | D:1      | Upgraded the game from 0.30-a0-737-gf23d94013f to
                  | 0.30-a0-739-gea05faddec
  1688 | D:2      | Killed Sigmund
  1689 | D:2      | Reached skill level 3 in Axes
  1689 | D:2      | Gained mutation: You are partially covered in razor-sharp
                  | scales. (AC +1, Slay +1) [demonic ancestry]
  1689 | D:2      | Reached XP level 4. HP: 35/37 MP: 4/4
  1689 | D:2      | Reached XP level 5. HP: 40/42 MP: 5/5
  1892 | D:3      | Noticed Natasha
  1905 | D:3      | Killed Natasha
  2049 | D:3      | Noticed Natasha
  2063 | D:3      | Killed Natasha
  2064 | D:3      | Gained mutation: You have a pair of small antennae on your
                  | head. [demonic ancestry]
  2064 | D:3      | Reached XP level 6. HP: 45/48 MP: 6/6
  2065 | D:3      | Noticed Ijyb
  2121 | D:3      | Killed Ijyb
  2185 | D:3      | Reached skill level 4 in Axes
  2308 | D:3      | Found a burning altar of Makhleb.
  2364 | D:3      | Noticed Natasha
  2375 | D:3      | Killed Natasha
  2623 | D:3      | Found Plog's One-of-a-Kind Rings.
  3086 | D:3      | Killed Terence
  3390 | D:4      | Found a snail-covered altar of Cheibriados.
  3472 | D:5      | Entered Level 5 of the Dungeon
  3991 | D:4      | Gained mutation: A demonic guardian rushes to your aid.
                  | [demonic ancestry]
  3991 | D:4      | Reached XP level 7. HP: 50/54 MP: 7/7
  4490 | D:4      | Reached skill level 5 in Axes
  4495 | D:4      | Found a staircase to the Ecumenical Temple.
  4510 | Temple   | Entered the Ecumenical Temple
  5263 | D:5      | Reached skill level 6 in Axes
  5263 | D:5      | Reached skill level 1 in Throwing
  5376 | D:5      | Gained mutation: You have a pair of antennae on your head.
                  | [demonic ancestry]
  5376 | D:5      | Reached XP level 8. HP: 61/61 MP: 8/8
  5665 | D:4      | Reached skill level 5 in Armour
  5788 | D:5      | Gained mutation: You are agile. (Dex +4, Str/Int -1)
                  | [potion of mutation]
  5788 | D:5      | Gained mutation: You occasionally shout uncontrollably at
                  | your foes. [potion of mutation]
  5789 | D:5      | Lost mutation: You occasionally shout uncontrollably at
                  | your foes. [potion of mutation]
  5789 | D:5      | Lost mutation: You are agile. (Dex +4, Str/Int -1) [potion
                  | of mutation]
  5789 | D:5      | Gained mutation: Your muscles are strong. (Str +4, Int/Dex
                  | -1) [potion of mutation]
  5789 | D:5      | Gained mutation: You are vulnerable to cold. (rC-) [potion
                  | of mutation]
  5789 | D:5      | Gained mutation: You passively map a small area around you.
                  | [potion of mutation]
  5892 | D:6      | Reached skill level 5 in Fighting
  6055 | D:6      | Found a large runed translucent door.
  6056 | D:6      | Found a large runed translucent door.
  6056 | D:6      | Noticed dialectric's ghost (amateur MfHu)
  6606 | D:6      | Reached skill level 7 in Axes
  6964 | D:6      | Killed dialectric's ghost
  7090 | D:7      | Noticed a two-headed ogre
  7439 | D:6      | Slain by a two-headed ogre

Illustrated notes

Levels and vault maps discovered:
D:1:      arrival_aquarium_b, layout_basic
D:2:      layout_basic, ebering_ecumenical_altar_petrified, serial_shops, shop,
          serial_undead, serial_undead_f, serial_undead_b, serial_undead_c,
          serial_undead_b, minmay_door_square, nicolae_titane, uniq_sigmund,
          uniq_jessica
D:3:      layout_basic, mainiacjoe_overflow_alcove_2, nicolae_shop_unique_rings,
          uniq_natasha, uniq_ijyb, uniq_terence
D:4:      layout_layer_cave, kennysheep_slug_shrine, temple_hall,
          nrook_mini_vaults
D:5:      layout_basic
D:6:      layout_basic, serial_curves, eino_curves_03, eino_curves_01,
          eino_curves_03, ebering_ghost_disaster_area
D:7:      layout_rooms, marbit_many_paths, okawaru_metal_pillars_3
Temple:   nicolae_temple_bog_church

Skill      XL: |  1  2  3  4  5  6  7  8 |
---------------+-------------------------+-----
Axes           | 2 3 4 6 7 |  7.4
Armour         | 3 4 5 |  5.8
Shields        | 3 |  3.9
Fighting       | 4 5 |  5.3
Throwing       | 1 2 |  2.0
Dodging        | |  0.5
Stealth        | |  0.3

Action                     |  1- 3 |  4- 6 |  7- 9 || total
---------------------------+-------+-------+-------++-------
  Melee: War axe           |    67 |   147 |   222 ||   436
  Throw: Dart              |       |     5 |    23 ||    28
    Use: Potion            |     2 |       |     4 ||     6
         Scroll            |       |     4 |     2 ||     6
   Stab: Distracted        |       |       |     1 ||     1
 Armour: Scale mail        |    10 |       |       ||    10
         Plate armour      |    29 |   134 |   143 ||   306
  Dodge: Dodged            |    20 |    53 |    79 ||   152
  Block: Buckler           |    18 |    35 |    45 ||    98

Table legend: (Time is in decaauts)
 A = Elapsed time spent in this place.
 B = Non-inter-level travel time spent in this place.
 C = Inter-level travel time spent in this place.
 D = Time resting spent in this place.
 E = Time spent auto-exploring this place.
 F = Levels seen in this place.
 G = Mean time per level.
                   A        B        C        D        E       F      G
               +--------+--------+--------+--------+--------+-----+--------+
         Total |   7604 |   7514 |     90 |    791 |   3730 |   8 |  950.5 |
       Dungeon |   7380 |   7290 |     90 |    791 |   3646 |   7 | 1054.3 |
        Temple |    223 |    223 |      0 |      0 |     84 |   1 |  223.0 |
               +--------+--------+--------+--------+--------+-----+--------+

Top non-repeatable levels by time:
     D:6: 1539 daAuts
     D:4: 1484 daAuts
     D:3: 1289 daAuts
     D:2: 1066 daAuts
     D:1: 1021 daAuts
     D:5: 899 daAuts
  Temple: 223 daAuts
     D:7: 79 daAuts
